 Dungeon Crawl Stone Soup version 0.17-a0-1446-gc28613e (webtiles) character file.

134909 urechis the Black Belt (level 16, -1/167 HPs)
             Began as a Troll Monk on June 28, 2015.
             Was the Champion of Jiyva.
             Killed from afar by a shock serpent (6 damage)
             ... with an electric aura
             ... on level 4 of the Snake Pit.
             The game lasted 02:34:39 (30471 turns).

urechis the Black Belt (Troll Monk)                Turns: 30471, Time: 02:34:39

Health: -1/167     AC: 25    Str: 16    XL:     16   Next: 33%
Magic:  26/30      EV: 25    Int: 10    God:    Jiyva [******]
Gold:   2311       SH:  0    Dex: 28    Spells: 0 memorised, 15 levels left

rFire  . . .     SeeInvis .       - Unarmed
rCold  . . .     Clarity  .     U - quicksilver dragon armour
rNeg   + . .     SustAt   .     (no shield)
rPois  +         Gourm    +     j - +1 hat "Yfuling" {rPois MR+ MP+9}
rElec  .         Spirit   .     s - +0 cloak
rCorr  +         Warding  +     (gloves unavailable)
rMut   .         Stasis   .     (boots unavailable)
MR     +++..                    B - brooch of Shielding {Ward rN+ AC+4 EV+4}
Stlth  +++.......               W - ring of poison resistance
                                z - ring of stealth

@: lethally poisoned (-1 -> -2), about to teleport, very slightly contaminated,
invisible, extremely resistant to hostile enchantments, fairly stealthy
A: unfitting armour, claws 3, yellow scales 1, agile 1, clever 2, fast
metabolism 3, gourmand, regeneration 2, shaggy fur 1, spit poison 1, strong 1,
tough skin 2
a: Spit Poison, Request Jelly, Jelly Paralyse, Slimify, Cure Bad Mutation,
Renounce Religion
}: 1/15 runes: slimy


You were on level 4 of the Snake Pit.
You worshipped Jiyva.
Jiyva was exalted by your worship.
You were not hungry.

You visited 6 branches of the dungeon, and saw 36 of its levels.
You also visited: Ossuary and Bailey.

You collected 2430 gold pieces.
You spent 119 gold pieces at shops.

Inventory:

Armour
 j - the +1 hat "Yfuling" (worn) {rPois MR+ MP+9}
   (You acquired it on level 5 of the Dungeon)

   It protects you from poison.
   It affects your resistance to hostile enchantments.
   It affects your magic capacity (+9).
 s - a +0 cloak (worn)
 U - a quicksilver dragon armour (worn)
Jewellery
 v - an uncursed ring of positive energy
 z - a ring of stealth (left claw)
 B - the brooch of Shielding (around neck) {Ward rN+ AC+4 EV+4}
   (You found it on level 6 of the Pits of Slime)

   [amulet of warding]

   It may prevent the melee attacks of summoned creatures.
   It affects your AC (+4).
   It affects your evasion (+4).
   It protects you from negative energy.
 I - an uncursed ring of protection from cold
 K - an uncursed amulet of resist corrosion {unknown}
 W - a ring of poison resistance (right claw)
Magical devices
 a - a wand of random effects (17)
 d - a wand of fire (5)
 e - a wand of lightning (7)
 n - a wand of digging (7)
 x - a wand of disintegration (12)
 A - a wand of lightning (8)
 F - a wand of draining (5)
Scrolls
 f - 2 scrolls of fear
 k - 4 scrolls of blinking
 q - 2 scrolls of magic mapping
 r - 2 scrolls of silence
 u - 2 scrolls of identify
 y - 4 scrolls of recharging
 E - a scroll of amnesia
 H - 5 scrolls of teleportation
 J - 7 scrolls of remove curse
 L - a scroll of holy word {unknown}
 Q - 4 scrolls of immolation
 V - a scroll of enchant armour
 X - a scroll of fog
Potions
 c - 2 potions of might
 h - 4 potions of magic
 l - 3 potions of curing
 o - 4 potions of lignification
 t - a potion of berserk rage {unknown}
 w - 2 potions of haste
 C - 2 potions of resistance
 D - 7 potions of brilliance
 T - a potion of ambrosia
Comestibles
 b - 21 bread rations
 g - 27 fruits
 i - 13 slices of pizza
 p - 5 meat rations
 G - 2 beef jerkies


   Skills:
 + Level 12.6 Fighting
 - Level 12.0 Armour
 + Level 12.4 Dodging
 - Level 1.1 Stealth
 * Level 15.8 Unarmed Combat
 - Level 8.0 Evocations


You had 15 spell levels left.
You didn't know any spells.

Dungeon Overview and Level Annotations

Branches:
Dungeon (13/15)            Temple (1/1) D:7            Lair (8/8) D:9
 Shoals (0/4) Lair:6        Snake (4/4) Lair:4        Slime (6/6) Lair:6
    Orc (4/4) D:11            Elf (0/3) Orc:4
 Vaults: D:13-14

Altars:
Ashenzari
Cheibriados
Dithmenos
Elyvilon
Fedhas
Gozag
Kikubaaqudgha
Makhleb
Nemelex Xobeh
Okawaru
Qazlal
Ru
Sif Muna
Trog
Vehumet
Xom
Yredelemnul
Zin
The Shining One
Beogh
Jiyva

Shops:
D:9 =   Orc:1 *   Orc:4 :[(*

Portals:
Trove: D:10 (give +3 gold dragon armour)

Annotations:
Slime:5 Dissolution
Slime:6 Royal Jelly


Innate Abilities, Weirdness & Mutations

You are too large for most types of armour.
You have claws for hands.
Your metabolism is lightning-fast.
You like to eat raw meat.
You heal very quickly.
You are covered in fur (AC +1).
You have very tough skin (AC +2).
You are partially covered in yellow scales (AC +2).
You are agile. (Dex +2)
Your mind is very acute. (Int +4)
You can spit weak poison.
Your muscles are strong. (Str +2)


Message History

The shock serpent bites you!
* * * LOW HITPOINT WARNING * * *
The shock serpent shocks you!
* * * LOW HITPOINT WARNING * * *
The mana viper completely misses you.
Drink which item? (? for menu, Esc to quit)
You fade into invisibility!
You feel sick. The shock serpent barely misses you.
The mana viper completely misses you.
You are very lightly contaminated with residual magic.
You barely miss the shock serpent.
The shock serpent is moderately wounded.
The shock serpent bites you but does no damage.
The mana viper closely misses you.
You mangle the shock serpent!!
The shock serpent begins to bleed from its wounds!
The shock serpent is severely wounded.
The shock serpent's electric aura discharges!
The lightning shocks you.
You die...

########## #........
#### ....... #...
..... #... ...
#####... #S#
###.....## #@#
##...#####
#####S######..#....#
#...SS....##.##.......
#...NN.......#####....
#....................#
#..N......########.###
##...N.....# #....
##..........# .....
#.(..######## #


You could see a naga sharpshooter, a naga ritualist, a shock serpent (bleeding),
2 mana vipers, a black mamba (bleeding) and 2 nagas.

Vanquished Creatures
  Frances (Snake:2)
  Kirke (Lair:8)
  Maud (Lair:5)
  An orc warlord (Orc:4)
  Nessos (Lair:5)
  Josephine (Lair:5)
  2 hydras (Lair:2)
  Fannar (D:10)
  An ice dragon (Lair:8)
  7 naga warriors
  5 death yaks
  6 anacondas
  4 orc high priests (Orc:4)
  Urug (Orc:1)
  8 naga sharpshooters
  Nergalle (Orc:2)
  3 salamander mystics (Snake:3)
  5 shock serpents
  2 naga ritualists
  2 hill giants
  5 orc knights
  7 mana vipers
  An oklob plant (Lair:3)
  2 ugly things (D:12)
  3 lindwurms (Lair:8)
  A manticore (D:11)
  6 salamanders
  An orc sorcerer (Orc:4)
  A cyclops (D:11)
  14 naga magi
  Maurice (D:11)
  21 elephants
  Joseph (D:7)
  17 spiny frogs
  A gargoyle (D:10)
  11 torpor snails
  25 black mambas
  9 komodo dragons
  5 guardian serpents
  2 kobold demonologists
  3 fire drakes
  2 trolls
  4 giant leeches (Lair:8)
  A polar bear (Lair:5)
  Grinder (D:6)
  25 blink frogs
  A two-headed ogre (D:9)
  2 boulder beetles (Lair:8)
  A trapdoor spider (D:12)
  Sigmund (D:2)
  5 wraiths
  5 wyverns
  A human (D:9)
  Eustachio (D:4)
  2 hogs (Lair:8)
  5 basilisks
  A steam dragon (Lair:4)
  43 yaks
  11 hippogriffs
  Menkaure (D:7)
  40 nagas
  12 wolves
  Edmund (D:4)
  6 wargs
  3 vampire mosquitoes (D:12)
  36 orc warriors
  17 water moccasins
  15 porcupines
  Duvessa (D:4)
  3 black bears
  3 wasps (Lair:8)
  3 ice beasts
  12 ogres
  4 sky beasts
  2 phantoms
  8 big kobolds (Orc:2)
  17 giant frogs
  A brain worm (Lair:8)
  Blork the orc (D:4)
  15 crocodiles
  9 centaurs
  A gnoll sergeant (D:6)
  Dowan (D:4)
  3 water moccasin zombies (Ossuary)
  3 scorpions
  5 killer bees (D:7)
  12 wights
  3 electric eels
  5 crimson imps
  A jelly (D:6)
  3 hounds
  15 orc priests
  A gnoll shaman (D:4)
  Ijyb (D:2)
  A centaur skeleton (D:12)
  A giant frog skeleton (D:7)
  13 iguanas
  Jessica (D:2)
  21 orc wizards
  Natasha (thrice) (D:4)
  7 worker ants
  7 hell rats (Lair:7)
  27 sheep
  4 big kobold zombies (Ossuary)
  A hound skeleton (D:7)
  2 mummies (Ossuary)
  Robin (D:2)
  81 river rats
  17 adders
  7 gnolls
  A shadow imp (D:11)
  3 oozes
  An adder skeleton (D:4)
  6 adder zombies
  20 worms
  6 giant geckos
  142 orcs
  19 bats
  A bat skeleton (D:5)
  3 giant cockroaches
  32 goblins
  23 hobgoblins
  4 jackals
  3 quokkas
  2 ball pythons
  A giant cockroach zombie (D:5)
  2 giant gecko zombies (D:5)
  8 giant newts
  A gnoll zombie (Ossuary)
  7 hobgoblin zombies (Ossuary)
  32 kobolds
  6 kobold zombies (Ossuary)
  3 orc zombies (Ossuary)
  A quokka skeleton (D:5)
  A quokka zombie (D:5)
  17 rats
  3 fungi (D:9)
  A plant (Lair:8)
1110 creatures vanquished.

Vanquished Creatures (others)
  2 acid blobs
  An azure jelly (Slime:5)
  A death ooze (Slime:5)
  A great orb of eyes (Slime:3)
  An unseen horror (D:10)
  A naga ritualist (Snake:3)
  A spiny frog (Lair:3)
  2 komodo dragons (Lair:8)
  2 blink frogs
  35 slime creatures
  A hog (Lair:8)
  3 humans
  2 golden eyes (Slime:3)
  A naga (Snake:2)
  A water moccasin (Lair:8)
  An orc warrior (Bailey)
  A crocodile (Lair:8)
  2 brain worms (Lair:8)
  2 giant frogs (Lair:7)
  132 jellies
  2 hounds
  6 orc priests
  5 orc wizards
  2 iguanas
  A worker ant (D:10)
  4 sheep
  An adder (D:12)
  45 orcs
  2 bats (Orc:2)
  2 goblins
  A hobgoblin (D:11)
  3 kobolds (Orc:2)
  16 fungi
  12 plants
295 creatures vanquished.

Grand Total: 1405 creatures vanquished

Notes
Turn   | Place    | Note
--------------------------------------------------------------
     0 | D:1      | urechis the Troll Monk began the quest for the Orb.
     0 | D:1      | Reached XP level 1. HP: 22/22 MP: 0/0
   113 | D:1      | Reached XP level 2. HP: 29/29 MP: 1/1
   568 | D:2      | Reached skill level 5 in Unarmed Combat
   624 | D:2      | Reached XP level 3. HP: 33/36 MP: 2/2
   717 | D:2      | Noticed Ijyb
   725 | D:2      | Killed Ijyb
   728 | D:2      | Reached XP level 4. HP: 36/44 MP: 3/3
   954 | D:2      | Noticed Robin
   973 | D:2      | Killed Robin
  1089 | D:2      | Noticed Jessica
  1091 | D:2      | Noticed Sigmund
  1094 | D:2      | Killed Jessica
  1094 | D:2      | Reached skill level 6 in Unarmed Combat
  1101 | D:2      | Killed Sigmund
  1101 | D:2      | Reached skill level 7 in Unarmed Combat
  1101 | D:2      | Reached XP level 5. HP: 43/50 MP: 4/4
  1101 | D:2      | Reached XP level 6. HP: 50/59 MP: 5/5
  1414 | D:3      | Reached skill level 8 in Unarmed Combat
  2218 | D:4      | Reached XP level 7. HP: 61/66 MP: 6/6
  2260 | D:4      | Found a shimmering altar of Xom.
  2263 | D:4      | Found a white marble altar of Elyvilon.
  2266 | D:4      | Found an opulent altar of Gozag.
  2269 | D:4      | Found a sparkling altar of Nemelex Xobeh.
  2269 | D:4      | Noticed Blork the orc
  2275 | D:4      | Killed Blork the orc
  2289 | D:4      | Reached skill level 9 in Unarmed Combat
  2503 | D:4      | Noticed Eustachio
  2514 | D:4      | Killed Eustachio
  2540 | D:4      | Noticed Edmund
  2589 | D:4      | Killed Edmund
  2589 | D:4      | Reached skill level 10 in Unarmed Combat
  2595 | D:4      | HP: 1/66 [gnoll shaman/whip (4)]
  2602 | D:4      | Reached XP level 8. HP: 17/74 MP: 7/7
  2702 | D:4      | Found a sand-covered staircase.
  2706 | Ossuary  | Entered an ossuary
  3165 | D:4      | Noticed Dowan
  3168 | D:4      | Noticed Duvessa
  3180 | D:4      | Killed Duvessa
  3185 | D:4      | Killed Dowan
  3194 | D:4      | Noticed Natasha
  3202 | D:4      | Killed Natasha
  3343 | D:4      | Noticed Natasha
  3347 | D:4      | Killed Natasha
  3401 | D:4      | Noticed Natasha
  3404 | D:4      | Killed Natasha
  3465 | D:5      | Entered Level 5 of the Dungeon
  4038 | D:5      | Identified a scroll of acquirement
  4100 | D:5      | Got a warped hat
  4106 | D:5      | Identified the +1 hat "Yfuling" {rPois MR+ MP+9} (You acquired it on level 5 of the Dungeon)
  4225 | D:6      | Reached XP level 9. HP: 83/85 MP: 8/8
  4468 | D:6      | Noticed Grinder
  4492 | D:6      | Killed Grinder
  4543 | D:6      | Reached skill level 5 in Dodging
  4659 | D:6      | Reached skill level 5 in Fighting
  4808 | D:7      | Noticed Menkaure
  4817 | D:7      | Killed Menkaure
  5022 | D:7      | Found a basalt altar of Yredelemnul.
  5022 | D:7      | Found a radiant altar of Vehumet.
  5023 | D:7      | Found a blossoming altar of Fedhas.
  5067 | D:7      | Noticed Joseph
  5078 | D:7      | Killed Joseph
  5227 | D:7      | Found a staircase to the Ecumenical Temple.
  5357 | D:7      | Reached XP level 10. HP: 17/100 MP: 5/9
  5538 | Temple   | Entered the Ecumenical Temple
  6779 | D:9      | Gained mutation: Your muscles are strong. (Str +2) [mutagenic meat]
  6780 | D:9      | Gained mutation: Your flesh is cold resistant. [mutagenic meat]
  6781 | D:9      | Gained mutation: You are somewhat resistant to further mutation. [mutagenic meat]
  6782 | D:9      | Gained mutation: You have a somewhat thin skeletal structure (Dex +2, Stealth). [mutagenic meat]
  6858 | D:9      | Found a bloodstained altar of Trog.
  6987 | D:9      | Gained mutation: You possess an exceptional clarity of mind. [mutagenic meat]
  7015 | D:9      | Found Adefadgh's Jewellery Emporium.
  7065 | D:9      | Found a staircase to the Lair.
  7688 | D:9      | Gained mutation: You are resistant to hostile enchantments. [potion of mutation]
  7688 | D:9      | Gained mutation: You can spit weak poison. [potion of mutation]
  7689 | D:9      | Gained mutation: You are highly resistant to hostile enchantments. [potion of mutation]
  7693 | Lair:1   | Entered Level 1 of the Lair of Beasts
  8132 | Lair:1   | Reached XP level 11. HP: 113/113 MP: 10/10
  8680 | Lair:4   | Found a staircase to the Snake Pit.
  8700 | Lair:4   | Noticed a death yak
  8729 | Lair:4   | Killed a death yak
  8898 | Lair:4   | Found a stormy altar of Qazlal.
  8993 | Lair:4   | Reached skill level 10 in Fighting
  9076 | Lair:4   | Noticed a five-headed hydra
  9106 | Lair:5   | Noticed Maud
  9110 | Lair:6   | Found a staircase to the Shoals.
  9114 | Lair:6   | Reached skill level 10 in Dodging
  9335 | Lair:6   | Reached XP level 12. HP: 81/127 MP: 11/11
  9516 | Lair:6   | Found a viscous altar of Jiyva.
  9516 | Lair:6   | Found a staircase to the Slime Pits.
  9527 | Lair:6   | Became a worshipper of Jiyva Jyuhiah the Shapeless
  9527 | Lair:6   | Acquired Jiyva's first power
  9527 | Lair:6   | Acquired Jiyva's second power
  9574 | Lair:5   | Reached skill level 1 in Evocations
  9597 | Lair:5   | Noticed an eight-headed hydra
  9893 | Lair:3   | Noticed a six-headed hydra
 10541 | Lair:2   | Noticed a six-headed hydra
 10567 | Lair:2   | Killed a 19-headed hydra
 10567 | Lair:2   | Reached skill level 5 in Evocations
 10568 | Lair:2   | Lost mutation: You have a somewhat thin skeletal structure (Dex +2, Stealth). [Jiyva's grace]
 10617 | Lair:2   | Noticed a five-headed hydra
 11078 | D:10     | Entered Level 10 of the Dungeon
 11287 | D:10     | Noticed Fannar
 11298 | D:10     | Killed Fannar
 11303 | D:10     | Identified a -2 rod of the swarm (9/9) (You found it on level 2 of the Lair of Beasts)
 11459 | D:10     | Found a portal to a secret trove of treasure.
 11626 | D:10     | Gained mutation: You are covered in slimy tendrils that may disarm your opponents. [Jiyva's grace]
 11791 | D:10     | Acquired Jiyva's third power
 12057 | D:10     | Lost mutation: You are somewhat resistant to further mutation. [potion of cure mutation]
 12057 | D:10     | Lost mutation: You are covered in slimy tendrils that may disarm your opponents. [potion of cure mutation]
 12057 | D:10     | Lost mutation: Your muscles are strong. (Str +2) [potion of cure mutation]
 12057 | D:10     | Lost mutation: You possess an exceptional clarity of mind. [potion of cure mutation]
 12057 | D:10     | Lost mutation: You are highly resistant to hostile enchantments. [potion of cure mutation]
 13096 | Lair:2   | Killed a seven-headed hydra
 13305 | Lair:2   | HP: 4/127 [fire drake/blast of flame (17)]
 13560 | Lair:3   | Slimified a nine-headed hydra
 13560 | Lair:3   | Noticed an acid blob
 13560 | Lair:3   | a nine-headed hydra changed into an acid blob
 13701 | Lair:3   | Gained mutation: Your flesh is heat resistant. [Jiyva's grace]
 13772 | Lair:3   | Reached skill level 11 in Unarmed Combat
 13772 | Lair:3   | Reached XP level 13. HP: 121/135 MP: 18/18
 14380 | Lair:4   | Gained mutation: You evolve. [Jiyva's grace]
 14496 | Lair:4   | Acquired Jiyva's fourth power
 14615 | Lair:4   | Gained mutation: Your flesh is very heat resistant. [Jiyva's grace]
 14778 | Lair:4   | Slimified a five-headed hydra
 14778 | Lair:4   | Noticed an acid blob
 14778 | Lair:4   | a five-headed hydra changed into an acid blob
 14810 | Lair:4   | Noticed an acid blob
 14810 | Lair:4   | a four-headed hydra changed into an acid blob
 14898 | Lair:4   | Gained mutation: Your mind is acute. (Int +2) [Jiyva's grace]
 15367 | Lair:5   | Noticed Josephine
 15415 | Lair:5   | Killed Josephine
 15451 | Lair:5   | Reached skill level 12 in Unarmed Combat
 15507 | Lair:5   | Noticed Nessos
 15804 | Lair:5   | Killed Nessos
 15893 | Lair:5   | Gained mutation: You are agile. (Dex +2) [Jiyva's grace]
 16297 | Lair:6   | Lost mutation: You evolve. [end of evolution]
 16519 | Lair:7   | Lost mutation: Your flesh is very heat resistant. [Jiyva's grace]
 16752 | Lair:7   | Gained mutation: You have acidic saliva. [Jiyva's grace]
 16877 | Lair:7   | Reached skill level 13 in Unarmed Combat
 17045 | Lair:7   | Found a glowing silver altar of Zin.
 17072 | Lair:7   | Gained mutation: You have a small jelly attached to you that senses nearby items. [Jiyva's grace]
 17131 | Lair:7   | Reached XP level 14. HP: 146/146 MP: 19/19
 17347 | Lair:8   | Entered Level 8 of the Lair of Beasts
 17482 | Lair:8   | Noticed Kirke
 17505 | Lair:8   | Killed Kirke
 17558 | Lair:8   | Gained mutation: You have a pair of small antennae on your head. [Jiyva's grace]
 17678 | Lair:8   | Noticed an azure jelly
 17678 | Lair:8   | an eight-headed hydra changed into an azure jelly
 17770 | Lair:8   | Found a runed door.
 17903 | Lair:8   | Lost mutation: Your mind is acute. (Int +2) [Jiyva's grace]
 18010 | Lair:8   | Noticed an acid blob
 18010 | Lair:8   | a four-headed hydra changed into an acid blob
 18281 | Lair:8   | Reached skill level 14 in Unarmed Combat
 18341 | Lair:8   | Noticed an acid blob
 18341 | Lair:8   | an eight-headed hydra changed into an acid blob
 18378 | Lair:8   | Noticed an azure jelly
 18378 | Lair:8   | a seven-headed hydra changed into an azure jelly
 18385 | Lair:8   | Killed an acid blob
 18393 | Lair:8   | Lost mutation: You have acidic saliva. [Jiyva's grace]
 19234 | Slime:1  | Entered Level 1 of the Pits of Slime
 19234 | Slime:1  | Noticed an acid blob
 19315 | Slime:2  | Noticed an azure jelly
 19327 | Slime:2  | Noticed an acid blob
 19370 | Slime:2  | Noticed an acid blob
 19389 | Slime:2  | Noticed an azure jelly
 19395 | Slime:2  | Noticed an acid blob
 19432 | Slime:2  | Noticed an acid blob
 19467 | Slime:3  | Noticed an azure jelly
 19469 | Slime:3  | Noticed an acid blob
 19482 | Slime:3  | Killed an acid blob
 19591 | Slime:4  | Noticed an acid blob
 19591 | Slime:4  | Noticed an acid blob
 19596 | Slime:5  | Noticed Dissolution
 19641 | Slime:6  | Entered Level 6 of the Pits of Slime
 19641 | Slime:6  | Noticed an acid blob
 19652 | Slime:6  | Noticed an acid blob
 19663 | Slime:6  | Noticed an azure jelly
 19667 | Slime:6  | Noticed the royal jelly
 19668 | Slime:6  | Found a viscous altar of Jiyva.
 19668 | Slime:6  | Noticed an azure jelly
 19682 | Slime:6  | Noticed an acid blob
 19690 | Slime:6  | Noticed an acid blob
 19699 | Slime:6  | Noticed an acid blob
 19716 | Slime:6  | Noticed an acid blob
 19831 | Slime:6  | Gained mutation: Your skin is partially translucent (Stealth, -foe acc). [Jiyva's grace]
 19834 | Slime:6  | Got a slimy rune of Zot
 19898 | Slime:6  | Noticed an azure jelly
 20128 | Slime:6  | Lost mutation: You can spit weak poison. [Jiyva's grace]
 20321 | Slime:6  | Identified a +3 rod of clouds (12/12) (You found it on level 6 of the Pits of Slime)
 20326 | Slime:6  | Lost mutation: You are resistant to hostile enchantments. [Jiyva's grace]
 20356 | Slime:5  | Noticed an azure jelly
 20362 | Slime:5  | Noticed an azure jelly
 20365 | Slime:5  | Killed an azure jelly
 20392 | Slime:5  | Noticed an acid blob
 20785 | Slime:4  | Noticed an acid blob
 20786 | Slime:4  | Noticed an acid blob
 21045 | Slime:1  | Noticed an azure jelly
 21304 | Lair:5   | Slimified an eight-headed hydra
 21304 | Lair:5   | Noticed an azure jelly
 21304 | Lair:5   | an eight-headed hydra changed into an azure jelly
 21404 | D:9      | Gained mutation: Armour fits poorly on your strangely shaped body. [Jiyva's grace]
 21412 | D:9      | Lost mutation: Armour fits poorly on your strangely shaped body. [Jiyva's power]
 21436 | D:11     | Noticed Maurice
 21443 | D:11     | Killed Maurice
 21536 | D:11     | Gained mutation: You are covered in slimy tendrils that may disarm your opponents. [Jiyva's grace]
 21752 | D:11     | Lost mutation: You have a pair of small antennae on your head. [Jiyva's grace]
 21854 | D:11     | Found a staircase to the Orcish Mines.
 22083 | D:11     | Reached skill level 1 in Armour
 22442 | D:12     | Gained mutation: Your skin is mostly translucent (Stealth, -foe acc). [Jiyva's grace]
 22498 | D:12     | Gained mutation: You are frail (-10% HP). [Jiyva's grace]
 22509 | D:12     | Lost mutation: You are frail (-10% HP). [Jiyva's power]
 22841 | Orc:1    | Entered Level 1 of the Orcish Mines
 22841 | Orc:1    | Found Zanoas's General Store.
 22943 | Orc:1    | Noticed Urug
 22953 | Orc:1    | Killed Urug
 22957 | Orc:1    | Found a roughly hewn altar of Beogh.
 23005 | Orc:1    | Lost mutation: Your flesh is heat resistant. [Jiyva's grace]
 23018 | Orc:1    | Bought a scroll of teleportation for 39 gold pieces
 23054 | Orc:1    | Lost mutation: Your flesh is cold resistant. [Jiyva's grace]
 23363 | Orc:2    | Lost mutation: You are agile. (Dex +2) [Jiyva's grace]
 23510 | Orc:1    | Gained mutation: You evolve. [Jiyva's grace]
 23575 | Orc:2    | Lost mutation: Your skin is mostly translucent (Stealth, -foe acc). [evolution]
 23575 | Orc:2    | Lost mutation: You evolve. [end of evolution]
 23595 | Orc:2    | Found a flagged portal.
 23622 | Bailey   | Entered a bailey
 23788 | Bailey   | Gained mutation: You can spit weak poison. [Jiyva's grace]
 23822 | Bailey   | Gained mutation: You are agile. (Dex +2) [Jiyva's grace]
 23838 | Bailey   | Lost mutation: You can spit weak poison. [Jiyva's grace]
 24035 | Bailey   | Got a dazzling executioner's axe
 24036 | Bailey   | Identified the +10 executioner's axe of Noon {venom, *Rage +Fly MR+} (You found it in a bailey)
 24102 | Bailey   | Gained mutation: You are robust (+10% HP). [Jiyva's grace]
 24186 | Orc:2    | Lost mutation: You are agile. (Dex +2) [Jiyva's grace]
 24189 | Orc:2    | Noticed Nergalle
 24201 | Orc:2    | Killed Nergalle
 24223 | Orc:2    | Gained mutation: You have a small jelly attached to you that may absorb incoming projectiles. [Jiyva's grace]
 24278 | Orc:2    | Gained mutation: You have acidic saliva. [Jiyva's grace]
 24313 | Orc:2    | Reached skill level 5 in Armour
 24327 | Orc:2    | Gained mutation: You have a pair of small horns on your head. [Jiyva's grace]
 24332 | Orc:2    | Lost mutation: You have a small jelly attached to you that may absorb incoming projectiles. [Jiyva's grace]
 24459 | Orc:3    | Found a burning altar of Makhleb.
 24550 | Orc:3    | Gained mutation: Your body is partially covered in golden eyeballs (Acc +3). [Jiyva's grace]
 24571 | Orc:3    | Lost mutation: You are robust (+10% HP). [Jiyva's grace]
 24908 | Orc:3    | Gained mutation: Armour fits poorly on your pseudopods. [Jiyva's grace]
 24977 | Orc:3    | Lost mutation: You have a pair of small horns on your head. [Jiyva's grace]
 25118 | Orc:4    | Entered Level 4 of the Orcish Mines
 25142 | Orc:4    | Noticed an orc warlord
 25145 | Orc:4    | Reached XP level 15. HP: 154/156 MP: 20/20
 25164 | Orc:4    | Killed an orc warlord
 25367 | Orc:4    | Found Caadd's General Store.
 25416 | Orc:4    | Bought a potion of heal wounds for 80 gold pieces
 25471 | Orc:4    | Gained mutation: You have a beak for a mouth. [Jiyva's grace]
 25507 | Orc:4    | Lost mutation: You are covered in slimy tendrils that may disarm your opponents. [Jiyva's grace]
 25511 | Orc:4    | Found Goacoos's Antique Weapon Emporium.
 25542 | Orc:4    | Lost mutation: You have a beak for a mouth. [Jiyva's grace]
 25552 | Orc:4    | Gained mutation: Potions and wands are less effective at restoring your health. [Jiyva's grace]
 25710 | Orc:4    | Gained mutation: You can translocate small distances at will. [Jiyva's grace]
 25754 | Orc:4    | Gained mutation: Your mind is acute. (Int +2) [Jiyva's grace]
 25764 | Orc:4    | Gained mutation: Your mind is very acute. (Int +4) [Jiyva's grace]
 25781 | Orc:4    | Lost mutation: Potions and wands are less effective at restoring your health. [Jiyva's power]
 25798 | Orc:4    | Found Baghasaesaa's Antique Armour Emporium.
 25880 | Orc:4    | Found a roughly hewn altar of Beogh.
 25966 | Orc:4    | Found Doatorgh's Book Emporium.
 25994 | Orc:4    | Lost mutation: Your skin is partially translucent (Stealth, -foe acc). [Jiyva's grace]
 26013 | Orc:4    | Found a staircase to the Elven Halls.
 26025 | Orc:4    | Gained mutation: You are partially covered in yellow scales (AC +2). [Jiyva's grace]
 26393 | Lair:5   | Killed Maud
 26459 | Snake:1  | Entered Level 1 of the Snake Pit
 26698 | Snake:1  | Reached skill level 10 in Armour
 26719 | Snake:1  | You fall through a shaft!
 26784 | Snake:2  | Lost mutation: You have a small jelly attached to you that senses nearby items. [Jiyva's grace]
 27004 | Snake:2  | Gained mutation: Your magical capacity is low (-10% MP). [Jiyva's grace]
 27094 | Snake:2  | HP: 5/156 [salamander/spear (15)]
 27376 | Snake:2  | Gained mutation: You are clumsy. (Dex -2) [Jiyva's grace]
 27442 | Snake:2  | Noticed Frances
 27462 | Snake:2  | Killed Frances
 27610 | Snake:2  | Gained mutation: Your muscles are strong. (Str +2) [mutagenic meat]
 27611 | Snake:2  | Lost mutation: You have acidic saliva. [mutagenic meat]
 27613 | Snake:2  | Lost mutation: Your body is partially covered in golden eyeballs (Acc +3). [Jiyva's grace]
 27878 | Snake:3  | Reached skill level 15 in Unarmed Combat
 27913 | Snake:3  | Lost mutation: You are clumsy. (Dex -2) [Jiyva's grace]
 28193 | Snake:3  | Lost mutation: Armour fits poorly on your pseudopods. [Jiyva's grace]
 28194 | Snake:3  | Lost mutation: Your magical capacity is low (-10% MP). [Jiyva's power]
 28493 | Snake:3  | Lost mutation: You can translocate small distances at will. [Jiyva's grace]
 28548 | Snake:3  | Reached XP level 16. HP: 148/166 MP: 21/21
 29354 | Snake:3  | Gained mutation: You are agile. (Dex +2) [Jiyva's grace]
 30193 | Snake:4  | Entered Level 4 of the Snake Pit
 30457 | Snake:4  | Gained mutation: You can spit weak poison. [Jiyva's grace]
 30468 | Snake:4  | HP: 5/167 [shock serpent (10)]
 30471 | Snake:4  | Killed from afar by a shock serpent

Vault maps used:
D:1:      minmay_arrival_stair_chambers
D:2:      uniq_iyjb, uniq_robin, uniq_jessica, uniq_sigmund
D:4:      grunt_temple_overflow_cloverleaf, enter_ossuary_5, uniq_eustachio,
          uniq_blork_the_orc, uniq_natasha, uniq_duvessa, uniq_edmund
D:5:      first_bread
D:6:      uniq_grinder
D:7:      gammafunk_temple_overflow_forgotten, temple_fountains,
          lemuel_flamethrower_2, uniq_joseph, uniq_menkaure
D:8:      corexii_shack_village
D:9:      dpeg_oklobed_lair, serial_shops, nicolae_shop_trees, grunt_pizzeria,
          trog_hazing_becter
D:10:     enter_trove_0, uniq_fannar
D:11:     erik_orc_4, uniq_maurice
D:13:     grunt_vaults_entry_tiered, serial_shops, shop, basic_altar,
          serial_bayou_pond_d, st_stairs_13
Temple:   circular_temple_pool_12
Lair:1:   nicolae_quartered_pool_super, serial_bayou_shore_a
Lair:2:   dpeg_oklob_shooting_range, st_stairs_3, minivault_19,
          grunt_megastairs_2
Lair:4:   guppyfry_snake_entry_garden, basic_altar
Lair:5:   patterned_corridor, uniq_nessos, uniq_maud, uniq_josephine
Lair:6:   elwin_shoals_entry_rocks, slime_altar_1, bh_chokoban,
          infiniplex_staircase_pool
Lair:7:   lemuel_centaur_altar
Lair:8:   wormcave, hangedman_lair_in_review, st_stairs_5, minivault_19,
          uniq_kirke
Snake:1:  nrook_guardian_serpent_ordinary, lemuel_fruit_tree,
          serial_bayou_shore_b
Snake:2:  st_stairs_12, uniq_frances
Snake:3:  serial_bayou_shore_b
Snake:4:  minmay_snake_end_coiled
Slime:5:  cheibrodos_slime_lost_civilization_1, dissolution_awaits
Orc:1:    basic_altar, serial_shops, nicolae_shop_waterfront, uniq_urug
Orc:2:    enter_bailey_2, special_room, mines_bat_river, uniq_nergalle
Orc:3:    basic_altar, nicolae_orc_pool_cavern
Orc:4:    grunt_orc_gardens, grunt_orc_garden, grunt_orc_garden,
          grunt_orc_garden, grunt_orc_garden, library_closet,
          minmay_orc_temple_b
Ossuary:  ossuary_tomb_2
Bailey:   bailey_polearm_2, bailey

Action                   |  1- 3 |  4- 6 |  7- 9 | 10-12 | 13-15 | 16-18 || total
-------------------------+-------+-------+-------+-------+-------+-------++-------
Melee: Unarmed           |    82 |   144 |   436 |   795 |  1975 |   189 ||  3621
 Fire: Blowgun           |       |       |       |     5 |       |       ||     5
       Arbalest          |       |       |       |       |     7 |       ||     7
Throw: Throwing net      |       |       |       |     3 |     1 |       ||     4
Invok: Request Jelly     |       |       |       |    19 |    35 |     1 ||    55
       Slimify           |       |       |       |     1 |     9 |       ||    10
       Jelly Paralyse    |       |       |       |       |     6 |       ||     6
       Cure Bad Mutation |       |       |       |       |     5 |       ||     5
 Abil: Evoke Flight      |       |       |       |     1 |     2 |       ||     3
       Spit Poison       |       |       |       |     4 |       |       ||     4
Evoke: Wand              |       |       |       |    15 |     4 |     1 ||    20
  Use: Potion            |       |       |     2 |    18 |    15 |     1 ||    36
       Scroll            |       |       |    15 |    13 |    14 |     2 ||    44
 Stab: Sleeping          |     3 |     1 |     2 |    14 |    19 |     3 ||    42
       Distracted        |       |       |     1 |     1 |     9 |     1 ||    12
       Held in net/web   |       |       |       |     3 |       |       ||     3
       Confused          |       |       |       |       |     2 |       ||     2
       Invisible         |       |       |       |       |     1 |       ||     1
  Eat: Chunk             |     8 |    15 |    30 |    82 |    40 |     6 ||   181
       Fruit             |       |       |       |     4 |       |       ||     4
       Royal jelly       |       |       |       |     1 |       |       ||     1
       Meat ration       |       |       |       |       |     2 |       ||     2
